AoeStats
← NicoCroce

Nomad

505082520Analyzed
2v2 RM · 25d ago on Sep 7, 2026· 39m 24s· 4 players
Game mode
Random Map
Map size
176×176
Population
200
Speed
Normal
Resources
Standard
Victory
Conquest
Starting age
Dark Age
Ending age
Imperial Age
RankedLock teamsTeams togetherTeam positionsShared explorationLock speedFull tech treeHidden civsTurbo modeCheats
Victory
Defeat
🇵🇱 Celts · Poland
924
+16
882
+18
🇦🇷 Hindustanis · Argentina
941
-53
🇲🇽 Cumans · Mexico
905
-16
malolepszy.adrian
14:41 Feudal Age
16:06 Wheelbarrow
15:19 Double-Bit Axe
16:27 Fishing Lines
17:21 Gold Mining
23:07 Castle Age
21:59 Stone Mining
25:29 Bow Saw
27:24 Fletching
28:51 Stone Shaft Mining
29:03 Gold Shaft Mining
28:58 Hand Cart
30:01 Forging
29:47 Bodkin Arrow
31:24 Padded Archer Armor
-(-0-0-)-+(,_o)+$(*^_^*)$
4:44 Loom
20:30 Feudal Age
21:04 Double-Bit Axe
20:41 Man-at-Arms
21:27 Fishing Lines
22:12 Forging
23:43 Scale Mail Armor
26:27 Gold Mining
29:47 Castle Age
29:58 Long Swordsman
30:41 Squires
31:18 Iron Casting
32:28 Bow Saw
32:32 Fletching
32:33 Treadmill Crane
33:33 Chain Mail Armor
35:03 Bodkin Arrow
35:35 Arson
Legatus
13:04 Feudal Age
13:38 Double-Bit Axe
21:11 Bloodlines
24:08 Castle Age
22:23 Horse Collar
28:19 Heavy Plow
31:44 Wheelbarrow
34:38 Imperial Age
32:30 Stone Mining
36:10 Forging
NicoCroce
12:47 Loom
17:44 Feudal Age
22:44 Man-at-Arms
23:28 Arson
Connection lost

Rejoining the realm…

Still unreachable

The connection could not be restored.

Session expired

The server has moved on; the page needs a fresh start.